 Dungeon Crawl Stone Soup version 0.29.1-2-gbd0b4ee654 (webtiles) character file.

Game seed: 9279214653960325624

9 Ivernyr the Insei (level 2, 0/18 HPs)
             Began as an Octopode Transmuter on Oct 31, 2022.
             Slain by a ball python (1 damage)
             ... on level 1 of the Dungeon.
             The game lasted 00:00:27 (45 turns).

Ivernyr the Insei (Octopode Transmuter)               Turns: 45, Time: 00:00:27

Health: 0/18       AC:  1    Str:  9    XL:     2   Next: 12%
Magic:  5/5        EV: 13    Int: 15    God:
Gold:   5          SH:  0    Dex: 12    Spells: 4/5 levels left

rFire   . . .      SeeInvis .     - Unarmed
rCold   . . .      Faith    .   (no shield)
rNeg    . . .      Spirit   .   (helmet restricted)
rPois   .          Reflect  .   (no amulet)
rElec   .          Harm     .   (no ring)
rCorr   .          Rampage  .   (no ring)
Will    .....                   (no ring)
Stlth   ++........              (no ring)
HPRegen 0.06/turn               (no ring)
MPRegen 0.09/turn               (no ring)
                                (no ring)
                                (no ring)

@: no status effects
A: almost no armour, amphibious, 8 rings, camouflage 1, gelatinous body 1,
(nimble swimmer 1), tentacles
a: no special abilities


You were on level 1 of the Dungeon.
You visited 1 branch of the dungeon, and saw 1 of its levels.

You collected 5 gold pieces.

Inventory:

Scrolls
 b - a scroll of vulnerability {unknown}
Potions
 a - a potion of lignification


   Skills:
 + Level 1.2 Fighting
 - Level 2.0 Dodging
 + Level 3.1 Unarmed Combat
 + Level 2.1 Spellcasting
 * Level 2.3 Transmutations


You had 4 spell levels left.
You knew the following spells:

 Your Spells              Type           Power      Damage    Failure   Level
a - Beastly Appendage     Tmut           16%        N/A       9%          1

Your spell library contained the following spells:

 Spells                   Type           Power      Damage    Failure   Level
 Wereblood                Tmut           8%         N/A       13%         2
 Spider Form              Tmut/Pois      5%         N/A       38%         3
 Ice Form                 Ice/Tmut       5%         N/A       80%         4


Dungeon Overview and Level Annotations

Branches:
Dungeon (1/15)

Altars:


Innate Abilities, Weirdness & Mutations

You cannot wear most types of armour.
You are amphibious.
You can wear up to eight rings at the same time.
Your skin changes colour to match your surroundings (Stealth+).
Your rubbery body absorbs attacks. (AC +1, EV +1)
((You are camouflaged when in or above water. (Stealth+)))
You have tentacles for arms and can constrict up to eight enemies at once.


Message History

You grab the giant cockroach.
The giant cockroach is severely wounded.
You constrict the giant cockroach, but do no damage.
The giant cockroach bites you.
You tentacle-slap the giant cockroach but do no damage.
You squeeze the giant cockroach.
You kill the giant cockroach!
You have reached level 2!
You tentacle-slap the ball python but do no damage.
Your grab misses the ball python. You squeeze the ball python.
You kill the ball python!
You closely miss the kobold. You grab the kobold. You constrict the kobold.
The kobold hits you with a +0 dagger.
You tentacle-slap the kobold but do no damage.
Your squeeze misses the kobold.
The kobold is moderately wounded.
You constrict the kobold, but do no damage.
The kobold hits you with a +0 dagger.
You tentacle-slap the kobold but do no damage.
You tentacle-slap the kobold, but do no damage.
The kobold is moderately wounded.
You constrict the kobold, but do no damage.
The kobold hits you with a +0 dagger.
* * * LOW HITPOINT WARNING * * *
You tentacle-slap the kobold but do no damage.
The kobold is moderately wounded.
You constrict the kobold. You tentacle-slap the kobold.
You kill the kobold!
You closely miss the rat. You grab the rat.
You squeeze the rat, but do no damage. You constrict the rat.
The rat bites you.
* * * LOW HITPOINT WARNING * * *
You tentacle-slap the rat.
The rat is severely wounded.
You constrict the rat.
You kill the rat!
You closely miss the ball python. Your grab misses the ball python.
The ball python bites you.
You die...

#..................
#.?#.......>.......
###..#$.....##.......
#......#######..#....
#.##.)## ##..##.#
#.#..## #......
##....# #.#..#.
#..##)# #.. #.. #@#
..###..##S###...
...Sg.K..g.......
#..#..##..###....
#... #.## .. #.. #.#
#. #.# # ..# ...


You could see a goblin and a ball python.

Vanquished Creatures
  A dart slug (D:1)
  A giant cockroach (D:1)
  A goblin (D:1)
  A hobgoblin (D:1)
  A ball python (D:1)
  A kobold (D:1)
  A rat (D:1)
7 creatures vanquished.

Notes
Turn   | Place    | Note
-------+----------+-------------------------------------------
     0 | D:1      | Ivernyr the Octopode Transmuter began the quest for the
                  | Orb.
     0 | D:1      | Reached XP level 1. HP: 13/13 MP: 3/3
    37 | D:1      | Reached XP level 2. HP: 11/18 MP: 5/5
    45 | D:1      | Slain by a ball python

Illustrated notes

Levels and vault maps discovered:
D:1:      dpeg_arrival_lava_altar, layout_rooms,
          hellmonk_ecumenical_altar_blasted, roderic_lattice_a,
          minmay_pentomino_w4

Action                   || total
-------------------------++-------
Melee: Unarmed           ||    18
       Tentacles         ||     6
       Constrict         ||     5
       Kick              ||     3
       Punch             ||     1
 Cast: Beastly Appendage ||     1
Armor: Skin              ||     1
Dodge: Dodged            ||     3
